 Dungeon Sprint DCSS version 0.17-a0-1939-ga475588 (webtiles) character file.

657 KambridgeKobold the Fighter (level 7, -11/74 HPs)
             Began as a Minotaur Fighter on Sept 29, 2015.
             Was a Follower of Okawaru.
             Mangled by a red devil
             ... wielding a +0 trident
             ... summoned by a kobold demonologist
              (16 damage)
             ... in the Dungeon (Sprint I: "Red Sonja").
             The game lasted 00:02:32 (905 turns).

KambridgeKobold the Fighter (Minotaur Fighter)       Turns: 905, Time: 00:02:32

Health: -11/74     AC:  9    Str: 20    XL:     7   Next: 29%
Magic:  6/6        EV:  9    Int:  5    God:    Okawaru [*.....]
Gold:   417        SH:  0    Dex: 12    Spells: 0 memorised, 6 levels left

rFire  . . .     SeeInvis .     a - +0 long sword
rCold  . . .     Clarity  .     b - +0 scale mail
rNeg   . . .     SustAt   .     (no shield)
rPois  .         Gourm    .     (helmet restricted)
rElec  .         Spirit   .     (no cloak)
rCorr  .         Warding  .     (no gloves)
rMut   .         NoTele   +     (no boots)
MR     .....                    (no amulet)
Stlth  ..........               (no ring)
                                (no ring)

@: confused, lethally poisoned (-11 -> -17), not resistant to hostile
enchantments, extremely unstealthy
A: retaliatory headbutt, horns 2
a: Heroism, Renounce Religion


You were in the Dungeon.
You worshipped Okawaru.
Okawaru was aware of your devotion.
You were not hungry.

You visited 1 branch You collected 417 gold pieces.

Inventory:

Hand weapons
 a - a +0 long sword (weapon)
Armour
 b - a +0 scale mail (worn)
Scrolls
 k - a scroll of blinking
Potions
 d - a potion of might
 f - 2 potions of curing
 i - 2 potions of magic
 j - a potion of berserk rage
Comestibles
 e - a bread ration


   Skills:
 + Level 11.4 Fighting
 + Level 11.1 Long Blades
 + Level 11.4 Armour
   Level 3.6 Shields
 + Level 0.2 Invocations


You had 6 spell levels left.
You didn't know any spells.

Dungeon Overview and Level Annotations

Branches:
Dungeon (1/1)

Altars:
Cheibriados
Dithmenos
Elyvilon
Fedhas
Gozag
Kikubaaqudgha
Makhleb
Nemelex Xobeh
Okawaru
Qazlal
Ru
Sif Muna
Trog
Vehumet
Xom
Yredelemnul
Zin
The Shining One
Jiyva

Shops:
D =


Innate Abilities, Weirdness & Mutations

You reflexively headbutt those who attack you in melee.
You have a pair of horns on your head.


Message History

The red devil hops backward while attacking.
The red devil closely misses you. The chaos spawn hits you!
The chaos spawn draws strength from your injuries!
The kobold demonologist barely misses you.
The kobold demonologist casts a spell.
You bump into the stone wall.
You feel sick.
The red devil hits you but does no damage.
The chaos spawn hits you!
* * * LOW HITPOINT WARNING * * *
The chaos spawn draws strength from your injuries!
The kobold demonologist mumbles some strange words.
You hit the chaos spawn but do no damage.
You feel sick. The chaos spawn barely misses you. The red devil misses you.
The kobold demonologist hits you but does no damage.
You feel sick. The white imp gestures at you. The puff of frost hits you!
* * * LOW HITPOINT WARNING * * *
The red devil hits you with a trident!
You die...

######################
..)..#.)'..#__#453K.5#
..#..'..#..'..'.@#.5.#
####'#####'#__####555+
###..#...#.#### ####
__####..##(#
_..__##'#..+
_.∩...'..._#
_..._##_.#'#
_____###+#.# ######
###


You could see a kobold demonologist, a chaos spawn, a red devil, a quasit and a
white imp.

Vanquished Creatures
  A slime creature (D)
  Sigmund (D)
  A yak (D)
  An ogre (D)
  A jelly (D)
  Ijyb (D)
  A giant eyeball (D)
7 creatures vanquished.

Notes
Turn   | Place    | Note
--------------------------------------------------------------
     0 | D        | KambridgeKobold the Minotaur Fighter began the quest for the Orb.
     0 | D        | Reached XP level 1. HP: 19/19 MP: 0/0
     7 | D        | Noticed Ijyb
    20 | D        | Killed Ijyb
    20 | D        | Reached skill level 5 in Fighting
    20 | D        | Reached skill level 5 in Armour
    20 | D        | Reached XP level 2. HP: 11/29 MP: 1/1
   214 | D        | Noticed an ogre
   219 | D        | Killed an ogre
   219 | D        | Reached skill level 7 in Fighting
   219 | D        | Reached XP level 3. HP: 13/39 MP: 2/2
   219 | D        | Reached XP level 4. HP: 15/47 MP: 3/3
   223 | D        | Noticed Sigmund
   244 | D        | Killed Sigmund
   244 | D        | Reached skill level 9 in Fighting
   244 | D        | Reached XP level 5. HP: 5/57 MP: 4/4
   522 | D        | Found a deep blue altar of Sif Muna.
   523 | D        | Noticed a jelly
   524 | D        | Found a radiant altar of Vehumet.
   527 | D        | Killed a jelly
   527 | D        | Reached XP level 6. HP: 48/64 MP: 5/5
   606 | D        | Found Leme's Jewellery Emporium.
   606 | D        | Found a white marble altar of Elyvilon.
   606 | D        | Found a stormy altar of Qazlal.
   606 | D        | Found a burning altar of Makhleb.
   606 | D        | Found a sacrificial altar of Ru.
   606 | D        | Found a basalt altar of Yredelemnul.
   606 | D        | Found a glowing golden altar of the Shining One.
   606 | D        | Found a sparkling altar of Nemelex Xobeh.
   606 | D        | Found a shimmering altar of Xom.
   606 | D        | Found an opulent altar of Gozag.
   606 | D        | Found an ancient bone altar of Kikubaaqudgha.
   606 | D        | Found a glowing silver altar of Zin.
   606 | D        | Noticed a yak
   614 | D        | Killed a yak
   614 | D        | Reached skill level 10 in Fighting
   614 | D        | Reached skill level 10 in Long Blades
   614 | D        | Reached skill level 10 in Armour
   615 | D        | Found an iron altar of Okawaru.
   616 | D        | Found a bloodstained altar of Trog.
   622 | D        | Became a worshipper of Warmaster Okawaru
   743 | D        | Found a viscous altar of Jiyva.
   743 | D        | Found a blossoming altar of Fedhas.
   743 | D        | Noticed a slime creature
   744 | D        | Found a snail-covered altar of Cheibriados.
   744 | D        | Found a shadowy altar of Dithmenos.
   755 | D        | Killed a slime creature
   755 | D        | Acquired Okawaru's first power
   755 | D        | Reached skill level 11 in Fighting
   755 | D        | Reached XP level 7. HP: 47/74 MP: 6/6
   888 | D        | Noticed a kobold demonologist
   889 | D        | Noticed a kobold demonologist
   892 | D        | Paralysed by a giant eyeball for 3 turns
   901 | D        | Noticed a red devil
   905 | D        | Mangled by a red devil

Vault maps used:
D:        dungeon_sprint_1

Action                   |  1- 3 |  4- 6 |  7- 9 || total
-------------------------+-------+-------+-------++-------
Melee: Long sword        |    15 |    35 |    10 ||    60
  Use: Potion            |     1 |     1 |       ||     2
